Map: Neon Violet Square LE

Players

rotito

  • Race: Zerg Zerg
  • Spawn Location: 11:00

IagoAbreu - Winner!

  • Race: Terran Terran
  • League: Silver
  • Spawn Location: 5:00

VOD

Have the link to the VOD?

Description

Time

  • Played on: March 6, 2018, 12:33 p.m.
  • Length: 23:20
Show
View Real Time Build Order
Export as new Build Order

rotito Zerg 

Build Orders: Pool First 

Get SALT Encoding   

  12  0:10  Overlord  
  12  0:19  Overlord  
  12  0:39  Spawning Pool  
  11  0:51  Drone x2  
  11  0:52  Drone  
  14  1:21  Hatchery  
  13  1:26  Zergling x2  
  13  1:27  Zergling x2  
  13  1:30  Zergling x2  
  16  1:44  Zergling x2  
  17  1:50  Extractor  
  16  1:55  Extractor  
  16  1:59  Drone  
  16  2:01  Drone  
  17  2:12  Drone  
  18  2:28  Drone  
  19  2:37  Drone  
  19  2:40  Drone  
  21  2:48  Drone  
  22  3:00  Drone  
  22  3:02  Queen  
  25  3:12  Drone x3  
  28  3:17  Queen  
  30  3:26  Metabolic Boost  
  30  3:30  Drone  
  31  3:36  Overlord  
  31  3:37  Queen  
  33  3:42  Overlord  
  33  3:45  Drone  
  35  3:48  Drone  
  35  3:54  Queen  
  37  3:58  Overlord  
  37  3:59  Overlord  
  37  5:06  Drone x3  
  40  5:18  Overlord x3  
  40  5:24  Overlord  
  40  5:34  Drone x3  
  40  5:35  Drone  
  44  5:40  Extractor  
  43  5:45  Extractor  
  42  5:57  Drone x2  
  44  6:31  Drone  
  44  6:32  Drone x2  
  47  6:55  Drone x5  
  52  7:12  Hatchery  
  52  7:15  Drone x3  
  54  7:43  Spine Crawler  
  53  7:45  Spine Crawler  
  53  7:46  Spine Crawler  
  51  7:53  Spore Crawler  
  51  7:56  Spore Crawler  
  49  8:03  Spore Crawler, Drone x5  
  53  8:15  Drone x4  
  53  8:16  Drone  
  58  8:26  Extractor  
  57  8:28  Extractor  
  57  8:32  Spore Crawler  
  55  8:36  Spore Crawler  
  55  8:41  Spore Crawler  
  53  8:45  Drone  
  53  8:46  Drone x2  
  53  8:48  Lair  
  56  8:53  Drone  
  56  8:54  Drone x2  
  59  9:00  Drone x5  
  64  9:18  Evolution Chamber  
  64  9:21  Hatchery  
  64  9:23  Roach Warren  
  61  9:25  Drone x2  
  61  9:26  Drone  
  64  9:32  Baneling Nest  
  63  9:49  Spine Crawler  
  62  9:55  Drone x2  
  64  10:01  Spine Crawler  
  64  10:03  Spore Crawler  
  64  10:06  Spore Crawler  
  61  10:11  Spine Crawler  
  61  10:13  Spine Crawler  
  59  10:17  Lair, Spore Crawler  
  59  10:19  Drone x2  
  60  10:22  Zerg Melee Weapons Level 1  
  55  10:37  Drone  
  56  10:53  Roach  
  56  10:54  Roach x2  
  56  11:08  Drone x5  
  61  11:16  Roach  
  61  11:17  Roach x2  
  67  11:25  Roach  
  69  11:33  Roach  
  69  11:38  Zergling x4  
  73  12:05  Roach  
  73  12:06  Roach x3  
  81  12:11  Roach, Zergling x6  
  81  12:12  Roach  
  88  12:16  Zerg Missile Weapons Level 1  
  82  12:33  Ravager  
  82  12:35  Ravager  
  84  12:38  Drone  
  84  12:39  Drone x2  
  84  12:43  Overlord x3  
  87  12:46  Lair  
  87  12:48  Overlord x3  
  87  12:49  Overlord x2  
  87  13:02  Roach x3  
  93  13:11  Drone x2  
  95  13:14  Drone x3  
  95  13:16  Queen  
  100  13:28  Extractor  
  100  13:30  Extractor  
  100  13:33  Drone  
  99  13:40  Drone x3  
  99  13:41  Drone  
  103  13:50  Spine Crawler  
  103  13:55  Spine Crawler x2  
  101  13:59  Drone x3  
  103  14:07  Spore Crawler  
  102  14:10  Zerg Ground Armor Level 1  
  102  14:12  Spore Crawler  
  102  14:16  Spore Crawler  
  100  14:20  Spine Crawler  
  100  14:21  Spine Crawler  
  100  14:22  Spore Crawler  
  97  14:29  Drone x2  
  97  14:30  Drone x3  
  102  14:34  Lair  
  102  14:42  Drone x2  
  102  14:43  Drone  
  105  14:50  Pneumatized Carapace  
  105  14:54  Burrow  
  98  15:37  Spire  
  98  15:41  Hydralisk Den  
  96  15:46  Infestation Pit  
  90  15:51  Nydus Network  
  83  16:01  Drone  
  83  16:02  Drone x5  
  89  16:13  Drone x3  
  89  16:14  Drone x5  
  89  16:15  Drone  
  83  16:41  Hydralisk x2  
  83  16:42  Hydralisk x4  
  95  16:56  Mutalisk  
  95  16:57  Mutalisk x2  
  95  17:00  Mutalisk x3  
  95  17:01  Mutalisk x3  
  113  17:12  Spore Crawler  
  113  17:14  Spore Crawler  
  111  17:19  Spore Crawler  
  102  17:57  Drone  
  102  17:58  Drone x5  
  107  18:02  Hive  
  108  18:07  Drone  
  108  18:08  Mutalisk x2  
  99  18:34  Spore Crawler  
  99  18:40  Spore Crawler  
  97  18:43  Spore Crawler  
  97  18:44  Drone  
  97  18:46  Spore Crawler  
  90  18:55  Mutalisk x4  
  86  18:56  Mutalisk  
  92  19:12  Mutalisk  
  92  19:16  Mutalisk x3  
  100  19:22  Overlord x2  
  100  19:23  Overlord  
  100  19:25  Queen  
  102  19:35  Drone x3  
  102  19:37  Queen  
  107  19:51  Mutalisk x3  
  113  19:57  Overseer  
  113  20:02  Overlord x2  
  113  20:03  Overlord  
  45  20:43  Mutalisk x3  
  45  20:46  Mutalisk x2  
  45  20:47  Mutalisk x3  
  61  20:52  Mutalisk x3  
  61  20:56  Queen  
  63  21:09  Zerg Flyer Weapons Level 1  
  59  21:15  Mutalisk x3  
  65  21:18  Mutalisk  
  65  21:19  Mutalisk  
  65  21:22  Mutalisk x3  
  75  21:45  Mutalisk x2  
  79  21:47  Mutalisk  
  79  21:48  Mutalisk  
  79  21:51  Mutalisk x3  
  89  21:57  Mutalisk  
  53  22:25  Mutalisk x4  
  53  22:28  Mutalisk x4  
  53  22:29  Mutalisk x2  
  64  22:33  Mutalisk x2  
  64  22:34  Mutalisk  
  54  22:44  Mutalisk  
  56  22:52  Mutalisk x2  
Show
View Real Time Build Order
Export as new Build Order

IagoAbreu Terran - Winner!

Build Orders:  

Get SALT Encoding   

  12  0:09  Supply Depot  
  12  0:14  SCV  
  13  0:25  Supply Depot  
  14  0:28  SCV  
  14  0:41  SCV  
  15  0:50  Barracks  
  15  0:54  SCV  
  16  0:59  Refinery  
  16  1:05  Refinery  
  16  1:09  SCV  
  17  1:21  SCV  
  18  1:33  SCV  
  19  1:40  Supply Depot x2  
  19  1:45  SCV  
  20  1:53  Marine  
  21  1:57  SCV  
  22  2:06  Factory  
  22  2:11  Marine  
  22  2:13  SCV  
  24  2:25  SCV  
  24  2:29  Marine  
  26  2:43  Engineering Bay  
  26  2:44  Orbital Command  
  26  2:47  Marine  
  27  3:06  Armory  
  27  3:09  Marine  
  28  3:22  Factory Reactor  
  28  3:27  Marine  
  29  3:38  Terran Infantry Weapons Level 1  
  29  3:56  Factory  
  29  4:00  Terran Vehicle Weapons Level 1  
  29  4:03  Barracks Reactor  
  29  4:06  Bunker  
  29  4:08  Widow Mine x2  
  33  4:12  SCV  
  34  4:23  Command Center  
  34  4:28  SCV  
  34  4:29  Widow Mine x2  
  39  4:55  SCV  
  39  4:57  Refinery  
  40  5:06  Refinery  
  40  5:07  SCV  
  41  5:19  SCV  
  42  5:22  Marine x2  
  42  5:25  Widow Mine  
  42  5:27  Factory Tech Lab  
  46  5:35  Widow Mine  
  48  5:40  Marine x2  
  50  5:44  Supply Depot  
  50  5:45  Supply Depot  
  50  5:47  Supply Depot  
  50  5:58  Marine x2  
  52  6:05  Supply Depot  
  52  6:07  Siege Tank  
  55  6:12  Terran Vehicle Weapons Level 2  
  55  6:15  Marine  
  55  6:16  Marine  
  57  6:20  Supply Depot  
  57  6:39  Siege Tank  
  64  6:56  Cyclone x2  
  64  6:58  Marine x2  
  68  7:11  Siege Tank  
  71  7:16  Marine x2  
  73  7:27  Orbital Command  
  73  7:34  Marine x2  
  75  7:45  Cyclone  
  75  7:48  Cyclone  
  81  7:52  Marine x2  
  81  7:56  SCV  
  84  8:08  SCV  
  84  8:09  Marine  
  84  8:10  Marine  
  87  8:33  Starport  
  87  8:35  Supply Depot  
  87  8:42  Terran Infantry Weapons Level 2  
  87  8:45  Terran Vehicle Weapons Level 3  
  87  8:50  Widow Mine x2  
  91  8:55  Marine  
  91  8:56  Marine  
  91  8:57  Supply Depot  
  93  9:11  Siege Tank, Widow Mine x2  
  93  9:13  Marine x2  
  102  9:20  Supply Depot  
  102  9:29  Sensor Tower  
  102  9:31  Marine x2  
  102  9:32  Widow Mine x2  
  108  9:43  Starport Reactor  
  108  9:49  Marine x2  
  110  9:54  Missile Turret  
  110  10:05  Missile Turret  
  110  10:07  Marine x2  
  114  10:57  Hellion x2  
  114  10:59  Marine x2  
  118  11:17  Marine x2  
  122  11:18  Hellion  
  122  11:19  Hellion  
  122  11:21  Bunker  
  124  11:34  Marine  
  124  11:35  Marine  
  126  11:40  Bunker  
  126  12:17  Marine x2  
  126  12:19  Supply Depot x2  
  126  12:21  Hellion  
  126  12:23  Hellion  
  120  12:37  Liberator  
  120  12:38  Liberator  
  120  12:42  Supply Depot, Hellion  
  120  12:43  Supply Depot  
  116  12:44  Hellion  
  116  12:47  Marine x2  
  116  12:51  Siege Tank  
  127  13:05  Marine x2  
  129  13:20  Liberator x2  
  129  13:23  Marine x2, Siege Tank, Starport  
  134  13:40  Marine  
  134  13:41  Marine  
  142  13:49  Command Center  
  142  14:33  Liberator x2  
  142  14:36  Sensor Tower  
  142  14:40  Liberator x2  
  142  14:51  Sensor Tower  
  154  15:03  Factory Reactor  
  154  15:08  Missile Turret  
  154  15:15  Liberator  
  154  15:16  Liberator  
  154  15:25  Sensor Tower  
  148  16:04  Liberator x4  
  160  16:38  Marine  
  164  16:43  Cyclone  
  164  16:46  Liberator  
  164  16:47  Liberator x2  
  164  17:02  Refinery  
  173  17:18  Liberator  
  167  17:49  Viking x3  
  163  18:18  Viking  
  163  18:19  Viking x3  
  165  18:48  Viking  
  167  18:49  Viking x3  
  151  19:17  Marine  
  151  19:18  Marine, Viking  
  155  19:27  Siege Tank  
  155  19:31  Hellion x2  
  162  19:34  Viking x2  
  162  19:35  Marine x2  
  168  19:38  Viking  
  170  19:49  Refinery  
  170  19:52  Hellion  
  172  19:53  Marine  
  173  20:02  Marine  
  173  20:03  Hellion  
  173  20:15  Hellion  
  173  20:16  Marine, Siege Tank  
  173  20:20  Marine  
  168  20:24  Hellion  
  149  20:37  Hellion  
  151  20:45  Hellion  
  151  20:48  Siege Tank  
  155  21:20  Siege Tank  
  158  21:30  Refinery  
  158  21:35  Refinery  
  158  21:53  Siege Tank  
  161  22:05  Viking x4  
  167  22:13  Marine x2  
  163  22:25  Siege Tank  
  166  22:30  Marine  
  166  22:31  Marine  
  166  22:35  Viking x3  
  172  22:48  Marine  
  173  22:56  Marine  
Tags
 
Add a new tag
Caveats
  • Supply blocks, unpowered buildings, or Contaminate may cause inaccurate times.
  • Supply counts are checked every 10 seconds.